 Dungeon Crawl Stone Soup version 0.28.0-53-g5a82cb258f (webtiles) character file.

Game seed: 10607955999140579711

1267 Zeld the Chopper (level 8, -1/74 HPs)
             Began as a Minotaur Berserker on May 28, 2022.
             Was a Priest of Trog.
             Slain by a killer bee (2 damage)
             ... on level 7 of the Dungeon.
             The game lasted 00:05:57 (8446 turns).

Zeld the Chopper (Minotaur Berserker)               Turns: 8446, Time: 00:05:58

Health: -1/74      AC:  7    Str: 24    XL:     8   Next: 28%
Magic:  7/7        EV: 13    Int:  4    God:    Trog [***...]
Gold:   182        SH:  0    Dex: 13    Spells: 7/7 levels left

rFire   . . .      SeeInvis .   k - +6 short sword of Sin {holy, rElec}
rCold   . . .      Faith    .   (no shield)
rNeg    . . .      Spirit   .   b - +1 leather armour of the Past {rElec Dex+3}
rPois   .          Reflect  .   (helmet restricted)
rElec   +          Harm     .   q - +0 cloak
rCorr   .          Rampage  .   (no gloves)
Will    ++...                   u - +0 pair of boots
Stlth   +.........              (no amulet)
HPRegen 1.22/turn               (no ring)
MPRegen 0.10/turn               (no ring)

@: lethally poisoned (-1 -> -2), strong-willed, on berserk cooldown,
regenerating, slowed, studying Armour, very slow
A: horns 2, retaliatory headbutt
a: Renounce Religion, Berserk, Trog's Hand


You were on level 7 of the Dungeon.
You worshipped Trog.
Trog was most pleased with you.
You visited 2 branches of the dungeon, and saw 8 of its levels.
You also visited: Sewer.

You collected 389 gold pieces.
You spent 207 gold pieces at shops.

Inventory:

Hand Weapons
 a - a +0 hand axe
 k - the +6 short sword of Sin (weapon) {holy, rElec}
   (You found it on level 2 of the Dungeon)

   It has been blessed by the Shining One to cause great damage to the undead
   and demons.
   rElec:     It insulates you from electricity.
Armour
 b - the +1 leather armour of the Past (worn) {rElec Dex+3}
   (You found it on level 3 of the Dungeon)

   Dex:       It affects your dexterity (+3).
   rElec:     It insulates you from electricity.
 q - a +0 cloak (worn)
 u - a +0 pair of boots (worn)
Jewellery
 d - a ring of protection from cold
 g - a ring of see invisible
 n - a ring of protection from fire
Wands
 o - a wand of acid (8)
Scrolls
 f - 5 scrolls of teleportation
 h - 2 scrolls of enchant armour
 j - 7 scrolls of fear
 m - 3 scrolls of enchant weapon
 t - 2 scrolls of fog {unknown}
 v - 3 scrolls of blinking {unknown}
 w - a scroll of torment {unknown}
 x - a scroll of summoning {unknown}
Potions
 c - 2 potions of attraction {unknown}
 e - 6 potions of flight
 i - a potion of brilliance {unknown}
 l - 2 potions of heal wounds {unknown}
 p - 2 potions of mutation {unknown}
 r - a potion of haste {unknown}
 s - 5 potions of curing {unknown}


   Skills:
 * Level 7.8 Fighting
 * Level 7.9 Axes
 + Level 6.0 Armour
 + Level 4.9 Dodging


You had 7 spell levels left.
You didn't know any spells.
Your spell library was empty.

Dungeon Overview and Level Annotations

Branches:
Dungeon (7/15)             Temple (1/1) D:6           Sewer (visited)

Altars:
Ashenzari
Cheibriados
Dithmenos
Elyvilon
Fedhas
Hepliaklqana
Kikubaaqudgha
Makhleb
Nemelex Xobeh
Okawaru
Qazlal
Ru
Sif Muna
Trog
Uskayaw
Vehumet
Xom
Yredelemnul
Zin
The Shining One

Shops:
D:1 *   D:5 *


Innate Abilities, Weirdness & Mutations

You have a pair of horns on your head.
You reflexively headbutt those who attack you in melee.


Message History

The killer bee barely misses you. The killer bee closely misses you.
The killer bee stings you.
* * * LOW HITPOINT WARNING * * *
You are more poisoned.
The killer bee poisons you!
You feel sick. The killer bee stings you.
* * * LOW HITPOINT WARNING * * *
You are more poisoned.
The killer bee poisons you!
You barely miss the killer bee.
The killer bee is severely wounded.
You feel very sick.
You puncture the killer bee!
You kill the killer bee!
Trog accepts your kill.
You are no longer berserk.
You are exhausted.
You feel yourself slow down.
You feel very sick. The killer bee misses you. The killer bee stings you.
* * * LOW HITPOINT WARNING * * *
You hit the killer bee.
You kill the killer bee!
Trog accepts your kill.
* * * LOW HITPOINT WARNING * * *
You feel very sick. The killer bee closely misses you.
The killer bee stings you but does no damage.
The killer bee barely misses you. The killer bee closely misses you.
You furiously retaliate!
You headbutt the killer bee! The killer bee stings you.
* * * LOW HITPOINT WARNING * * *
Your Armour skill increases to level 6!
You hit the killer bee.
The killer bee is almost dead.
* * * LOW HITPOINT WARNING * * *
You feel very sick. The killer bee closely misses you.
The killer bee misses you. The killer bee barely misses you.
The killer bee stings you.
You die...

...........##...........
.#..#......#............
.##.#.............#..#.#
#...#...................
..........#.....<.......
..#.......#..)...###....
#.#.........)..#†.# #
.......###..####y##
#.....###.....##@y#
###..## ##...........#
..... ##.......>.....
...... .......##.####.
.#... ........#.. .#..
.#.........# #..... .##
#.....


You could see 2 killer bees.

Vanquished Creatures
  A hornet zombie (D:4)
  An ogre (D:5)
  A necrophage (D:6)
  A kobold brigand (D:7)
  2 bullfrogs
  A scorpion (D:6)
  4 killer bees (D:7)
  A water moccasin skeleton (D:4)
  A jelly (D:3)
  A bullfrog skeleton (D:5)
  An orc priest (D:5)
  A hound (D:4)
  An iguana (D:6)
  2 orc wizards (D:5)
  A merfolk siren (Sewer)
  A killer bee zombie (D:6)
  A merfolk avatar (Sewer)
  9 adders
  2 river rats (Sewer)
  2 white imps (D:6)
  An ufetubus (D:6)
  A worm (D:5)
  9 orcs
  13 ball pythons
  9 endoplasms
  12 giant cockroaches
  4 goblins
  8 hobgoblins
  8 jackals (D:1)
  17 kobolds
  6 quokkas
  10 bats
  9 frilled lizards
  26 rats
168 creatures vanquished.

Notes
Turn   | Place    | Note
-------+----------+-------------------------------------------
     0 | D:1      | Zeld the Minotaur Berserker began the quest for the Orb.
     0 | D:1      | Reached XP level 1. HP: 19/19 MP: 0/0
   534 | D:1      | Reached XP level 2. HP: 20/27 MP: 1/1
   772 | D:1      | Found Taral's General Store.
  1137 | D:1      | Reached XP level 3. HP: 17/33 MP: 2/2
  2235 | D:2      | Identified the +6 short sword of Sin {holy, rElec}
  2261 | D:2      | Reached ** piety under Trog
  2505 | D:2      | Reached XP level 4. HP: 41/41 MP: 3/3
  2569 | D:2      | Found a faded altar of an unknown god.
  2960 | D:3      | Identified the +1 leather armour of the Past {rElec Dex+3}
  3062 | D:3      | Found a glowing drain.
  3095 | Sewer    | Entered a sewer
  3341 | Sewer    | Reached skill level 5 in Axes
  3341 | Sewer    | Reached XP level 5. HP: 46/47 MP: 4/4
  3410 | Sewer    | Reached skill level 5 in Fighting
  3474 | Sewer    | Reached *** piety under Trog
  4114 | D:1      | Bought a scroll of identify for 20 gold pieces
  4791 | D:4      | Reached XP level 6. HP: 49/56 MP: 5/5
  5645 | D:5      | Entered Level 5 of the Dungeon
  5751 | D:5      | Reached XP level 7. HP: 55/64 MP: 6/6
  5897 | D:5      | Reached **** piety under Trog
  6130 | D:5      | Identified a scroll of acquirement
  6131 | D:5      | Acquired a manual of Armour
  6317 | D:5      | Found Acliecol's Assorted Antiques.
  6329 | D:5      | Bought a scroll labelled DASCHOPS PIXKAW for 22 gold pieces
  6329 | D:5      | Bought a scroll labelled KUPLESAWAE for 22 gold pieces
  6329 | D:5      | Bought a scroll of identify for 44 gold pieces
  6329 | D:5      | Bought a scroll labelled CEDUSH CETO for 22 gold pieces
  6329 | D:5      | Bought a scroll of fear for 77 gold pieces
  6923 | D:6      | Found a staircase to the Ecumenical Temple.
  6938 | Temple   | Entered the Ecumenical Temple
  7592 | D:6      | Reached skill level 5 in Armour
  8042 | D:6      | Reached XP level 8. HP: 72/73 MP: 7/7
  8445 | D:7      | HP: 2/74 [killer bee (3)]
  8446 | D:7      | Slain by a killer bee

Illustrated notes

Levels and vault maps discovered:
D:1:      dpeg_arrival_leaves_temple_mockup, layout_basic, serial_shops, shop,
          minmay_cupped
D:2:      layout_rooms, hellmonk_ecumenical_altar_zigzags, grunt_ministairs_2,
          minmay_hexomino_c4
D:3:      minmay_spotlight, layout_basic, gup_sewer_entry_glass,
          minmay_misc_feat_hallway, minmay_checkerbox
D:4:      layout_basic
D:5:      layout_cave_pods, serial_column_ruins, column_ruins_hut,
          column_ruins_hut_water, column_ruins_corridor_T,
          column_ruins_open_medium, column_ruins_corridor_straight,
          column_ruins_columns_plus, column_ruins_columns_dead_end,
          serial_shops, shop
D:6:      layout_basic, minmay_temple_entry_ruins
D:7:      layout_cave_pools, minmay_manual_mandibuliform
Temple:   mainiacjoe_temple_cubbyholes

Skill      XL: |  1  2  3  4  5  6  7  8 |
---------------+-------------------------+-----
Fighting       | 4 5 6 7 |  7.8
Axes           | 4 5 6 7 |  7.9
Armour         | 3 4 5 6 |  6.0
Dodging        | 3 4 |  4.9

Action                   |  1- 3 |  4- 6 |  7- 9 || total
-------------------------+-------+-------+-------++-------
Melee: Hand axe          |    83 |       |       ||    83
       Headbutt          |    12 |    13 |    14 ||    39
       Short sword       |     7 |   171 |    99 ||   277
       Punch             |     1 |     1 |     2 ||     4
Invok: Berserk           |       |       |     1 ||     1
       Trog's Hand       |       |       |     1 ||     1
  Use: Scroll            |       |     5 |     4 ||     9
 Stab: Sleeping          |     1 |       |       ||     1
       Distracted        |       |     1 |       ||     1
Armor: Animal skin       |    24 |     5 |       ||    29
       Leather armour    |       |    50 |    34 ||    84
Dodge: Dodged            |    74 |    86 |    93 ||   253
